 Dungeon Crawl Stone Soup version 0.30-a0-595-g91969c0fa5 (webtiles) character file.

Game seed: 16477044277880849334

5 Leeroy the Insei (level 1, 0/13 HPs)
             Began as an Octopode Transmuter on Jan 6, 2023.
             Slain by a quokka (4 damage)
             ... on level 1 of the Dungeon.
             The game lasted 00:00:42 (77 turns).

Leeroy the Insei (Octopode Transmuter)                Turns: 77, Time: 00:00:43

Health: 0/13       AC:  1    Str:  9    XL:     1   Next: 80%
Magic:  3/3        EV: 13    Int: 15    God:
Gold:   0          SH:  0    Dex: 12    Spells: 3/4 levels left

rFire   . . .      SeeInvis .      - Unarmed
rCold   . . .      Faith    .    (no shield)
rNeg    . . .      Spirit   .    (helmet restricted)
rPois   .          Reflect  .    (no amulet)
rElec   .          Harm     .    (no ring)
rCorr   .          Rampage  .    (no ring)
Will    .....                    (no ring)
Stlth   ++                       (no ring)
HPRegen 0.22/turn                (no ring)
MPRegen 0.08/turn                (no ring)
                                 (no ring)
                                 (no ring)

@: no status effects
A: almost no armour, amphibious, 8 rings, camouflage 1, gelatinous body 1,
(nimble swimmer 1), tentacles
a: no special abilities


You were on level 1 of the Dungeon.
You visited 1 branch of the dungeon, and saw 1 of its levels.

Inventory:

Potions
 a - a potion of lignification
 b - a potion of might {unknown}


   Skills:
 - Level 1.0 Fighting
 - Level 2.0 Dodging
 + Level 3.4 Unarmed Combat
 - Level 2.0 Spellcasting
 - Level 2.0 Transmutations


You had 3 spell levels left.
You knew the following spells:

 Your Spells              Type           Power      Damage    Failure   Level
a - Beastly Appendage     Tmut           14%        N/A       10%         1

Your spell library contained the following spells:

 Spells                   Type           Power      Damage    Failure   Level
 Wereblood                Tmut           7%         N/A       14%         2
 Spider Form              Tmut/Pois      4%         N/A       41%         3
 Ice Form                 Ice/Tmut       4%         N/A       82%         4


Dungeon Overview and Level Annotations

Branches:
Dungeon (1/15)

Altars:


Innate Abilities, Weirdness & Mutations

You cannot wear most types of armour.
You are amphibious.
You can wear up to eight rings at the same time.
Your skin changes colour to match your surroundings (Stealth+).
Your rubbery body absorbs attacks. (AC +1, EV +1)
((You are camouflaged when in or above water. (Stealth+)))
You have tentacles for arms and can constrict up to eight enemies at once.


Message History

You closely miss the bat. Your grab misses the bat. The bat misses you.
The bat completely misses you. The quokka barely misses you.
The bat closely misses you. The quokka barely misses you.
You tentacle-slap the bat. Your grab misses the bat.
The bat is heavily wounded.
The bat misses you. The bat closely misses you. The quokka barely misses you.
You tentacle-slap the quokka but do no damage.
Your grab misses the quokka. The bat hits you. The quokka bites you.
You closely miss the bat. Your grab misses the bat.
Your squeeze misses the bat.
The bat is heavily wounded.
The bat hits you. The quokka barely misses you.
The frilled lizard barely misses you.
You tentacle-slap the frilled lizard.
You kill the frilled lizard!
The bat misses you. The quokka barely misses you.
You miss the bat. Your grab misses the bat.
The bat is heavily wounded.
The bat closely misses you. The quokka barely misses you.
You closely miss the quokka. You grab the quokka.
Your squeeze misses the quokka.
You constrict the quokka, but do no damage.
The bat closely misses you. The quokka closely misses you.
The quokka bites you.
You are too injured to fight recklessly!
You tentacle-slap the quokka but do no damage.
You constrict the quokka. The bat barely misses you.
The quokka bites you but does no damage.
You tentacle-slap the bat but do no damage.
Your grab misses the bat.
The bat is moderately wounded.
You constrict the quokka. The bat hits you.
The quokka bites you but does no damage.
You tentacle-slap the quokka but do no damage.
Your tentacle-slap misses the quokka.
The quokka is severely wounded.
You constrict the quokka, but do no damage.
The bat closely misses you. The quokka bites you.
You die...

####.....##†.......
#......).#.#####
#....###....#
#....###.#....
#.....##.###...
#.....##.# #..#
#........## .>#
#.#....)..####.#
#.#.#...@b......
#........r......
#...............
#...............
#...............
#####...........
##..........
#..........


You could see a quokka and a bat.

Vanquished Creatures
  A goblin (D:1)
  2 jackals (D:1)
  A frilled lizard (D:1)
  A kobold (D:1)
5 creatures vanquished.

Notes
Turn   | Place    | Note
-------+----------+-------------------------------------------
     0 | D:1      | Leeroy the Octopode Transmuter began the quest for the Orb.
     0 | D:1      | Reached XP level 1. HP: 13/13 MP: 3/3
    77 | D:1      | Slain by a quokka

Illustrated notes

Levels and vault maps discovered:
D:1:      ldierk_walled_garden, layout_basic,
          shapermc_ecumenical_altar_flowoftime, serial_shops,
          nicolae_shop_stone, grunt_decor_arrowhead

Action                   || total
-------------------------++-------
Melee: Unarmed           ||    18
       Constrict         ||     4
       Tentacles         ||     2
Armor: Skin              ||     2
Dodge: Dodged            ||    24

Table legend: (Time is in decaauts)
 A = Elapsed time spent in this place.
 B = Non-inter-level travel time spent in this place.
 C = Inter-level travel time spent in this place.
 D = Time resting spent in this place.
 E = Time spent auto-exploring this place.
 F = Levels seen in this place.
 G = Mean time per level.
                   A        B        C        D        E       F      G
               +--------+--------+--------+--------+--------+-----+--------+
         Total |     76 |     76 |      0 |      0 |     39 |   1 |   76.0 |
       Dungeon |     76 |     76 |      0 |      0 |     39 |   1 |   76.0 |
               +--------+--------+--------+--------+--------+-----+--------+

Top non-repeatable levels by time:
     D:1: 76 daAuts
